 Dungeon Crawl Stone Soup version bcrawl-1.13 (webtiles) character file.

Game seed: 4234502161908551154

4233 Camlann the Magus (level 10, -5/69 HPs)
             Began as a Demonspawn Archaeologist on July 27, 2019.
             Was an Elder of Nemelex Xobeh.
             Slain by a yak (9 damage)
             ... on level 8 of the Dungeon.
             The game lasted 00:16:23 (6044 turns).

Camlann the Magus (Demonspawn Archaeologist)        Turns: 6044, Time: 00:16:24

Health: -5/69      AC: 16    Str: 23    XL:     10   Next: 9%
Magic:  0/18       EV: 13    Int: 16    God:    Nemelex Xobeh [****..]
Gold:   388        SH:  0    Dex: 12    Spells: 9/9 levels left

rFire    + . .     SeeInvis +   f - +8 glaive of the Guard {elec, +Rage AC+5 SInv}
rCold    + + .     Gourm    .   (shield currently unavailable)
rNeg     . . .     Faith    .   b - +1 robe
rPois    +         Spirit   +   c - +1 hat
rElec    .         Reflect  .   e - +0 cloak (curse)
rCorr    +         Harm     .   (no gloves)
MR       .....                  d - +1 pair of boots
Stlth    +++.......             t - amulet of Qeidyel {Acrobat *Corrode Str+9}
HPRegen  0.21/turn              l - ring of resist corrosion
MPRegen  0.32/turn              n - ring of protection from cold

@: no status effects
A: antennae 1, slimy green scales 3, cold resistance 1, fire resistance 1,
mutation resistance 1, nightstalker 1, magic shield, magic regeneration
a: Draw Escape, Draw Destruction, Draw Summoning, Triple Draw, Deal Four,
Renounce Religion, Evoke Berserk Rage


You were on level 8 of the Dungeon.
You worshipped Nemelex Xobeh.
Nemelex Xobeh was greatly pleased with you.
You were not hungry.

You visited 1 branch of the dungeon, and saw 8 of its levels.

You collected 612 gold pieces.
You spent 224 gold pieces at shops.

Inventory:

Hand Weapons
 a - a +0 whip
 f - the +8 glaive of the Guard (weapon) {elec, +Rage AC+5 SInv} Occasionally, upon striking a foe, it will discharge some electrical energy and cause terrible harm. It affects your AC (+5). It lets you see invisible. It lets you go berserk.
 q - a +1 blowgun
Missiles
 k - 32 javelins of penetration (quivered)
 r - 238 poisoned needles
Armour
 b - a +1 robe (worn)
 c - a +1 hat (worn)
 d - a +1 pair of boots (worn)
 e - a cursed +0 cloak (worn)
Jewellery
 l - a ring of resist corrosion (left hand)
 n - a ring of protection from cold (right hand)
 s - a +4 ring of dexterity
 t - the amulet of Qeidyel (around neck) {Acrobat *Corrode Str+9}
   (You found it on level 4 of the Dungeon)

   [amulet of the acrobat]

   It helps you evade while moving and waiting.
   It affects your strength (+9).
   It may corrode you when you take damage.
 B - an uncursed ring of insulation {unknown}
 D - an uncursed ring of flight {unknown}
 I - an uncursed ring of flight {unknown}
Wands
 o - a wand of acid (6)
 w - a wand of scattershot (6)
 A - a wand of disintegration (17)
 F - a wand of flame (14)
 H - a wand of enslavement (4)
Scrolls
 p - a scroll of magic mapping
 u - a scroll of remove curse
 x - 2 scrolls of fear
 y - 5 scrolls of teleportation
 z - a scroll of blinking
Potions
 h - a potion of berserk rage
 i - 2 potions of cancellation
 j - 2 potions of heal wounds
 m - 3 potions of curing
 v - a potion of lignification
 C - a potion of ambrosia
 G - a potion of agility
Comestibles
 g - 18 rations {!d}
 E - 3 chunks of flesh


   Skills:
 - Level 2.8 Fighting
 - Level 0.8 Maces & Flails
 - Level 11.1 Polearms
 - Level 2.6 Dodging
 - Level 3.0 Stealth
 + Level 11.4 Invocations


You had 9 spell levels left.
You didn't know any spells.
Your spell library was empty.

Dungeon Overview and Level Annotations

Branches:
Dungeon (8/12)             Temple (0/1) D:6             Orc (0/1) D:8
   Lair: D:7-10

Altars:
Cheibriados
Elyvilon
Lugonu
Makhleb
Nemelex Xobeh
Okawaru
Qazlal
Sif Muna
Trog
Uskayaw
Vehumet
Wu Jian
Xom
The Shining One

Shops:
D:4 %   D:7 !?([


Innate Abilities, Weirdness & Mutations

You have a pair of small antennae on your head.
You are completely covered in slimy green scales. (AC +4, rPois)
You are slightly more attuned to the shadows.
When hurt, damage is shared between your health and your magic reserves.
You regenerate magic rapidly.
Your flesh is cold resistant. (rC+)
Your flesh is heat resistant. (rF+)
You are somewhat resistant to further mutation.


Message History

You barely miss the yak. The yak gores you.
* * * LOW HITPOINT WARNING * * *
The yak gores you.
* * * LOW HITPOINT WARNING * * *
You slash the yak! The yak barely misses you.
You barely miss the yak. The yak closely misses you.
You closely miss the yak. The yak gores you.
* * * LOW HITPOINT WARNING * * *
You slice the yak!! Lightning courses through the yak!
You kill the yak!
You slice the kobold!!
You kill the kobold!
You slash the yak! Lightning courses through the yak!
You hear a shout!
The yak gores you!
* * * LOW HITPOINT WARNING * * *
You hear a howl! x2; You hear a shout!
You hit the yak. The yak gores you!
You die...
Your body glows slightly and disappears.

......# #.. .# #.# .#
...#.###.# .# #.# .# #
..#.....###.###.##.# +.
........... %....## #..
.... ... ....... ##...
#.. #.# #..#.#
......#†#####.#####†...##
.......)@Y.....<.........
..##.#####.##...........#
#.##.####.####.# #.##.#
.... # ..##.# ......#
.##..#.......# >.
......_..... ..
...#.......#.


You could see a yak.

Vanquished Creatures
  A troll (D:8)
  A hippogriff (D:6)
  A spriggan (D:7)
  5 yaks (D:8)
  2 hungry ghosts
  2 wargs (D:8)
  2 orc warriors (D:7)
  A black bear (D:7)
  An ice beast (D:5)
  2 sky beasts
  An ogre (D:5)
  A phantom (D:4)
  3 centaurs (D:6)
  2 big kobolds (D:3)
  3 bullfrogs
  2 scorpions
  A howler monkey (D:5)
  2 crimson imps
  A bullfrog zombie (D:6)
  3 jellies (D:7)
  2 quasits (D:7)
  A hound (D:5)
  2 orc priests (D:7)
  A bullfrog skeleton (D:5)
  4 orc wizards
  2 iguanas
  3 worker ants
  2 hound zombies
  A hound skeleton (D:5)
  7 adders
  2 adder zombies (D:5)
  2 adder skeletons
  2 worms
  A leopard gecko (D:5)
  17 orcs
  2 ball pythons
  A bat (D:2)
  2 giant cockroaches
  7 goblins
  8 hobgoblins
  10 jackals
  2 quokkas (D:3)
  5 frilled lizards
  16 kobolds
  5 rats
144 creatures vanquished.

Vanquished Creatures (collateral kills)
  Joseph (D:7)
  An ice beast (D:7)
  A hound (D:2)
  An adder (D:7)
  A rat (D:2)
5 creatures vanquished.

Vanquished Creatures (others)
  A bat (D:2)
1 creature vanquished.

Grand Total: 150 creatures vanquished

Notes
Turn   | Place    | Note
-------+----------+-------------------------------------------
     0 | D:1      | Camlann the Demonspawn Archaeologist began the quest for
                  | the Orb.
     0 | D:1      | Reached XP level 1. HP: 15/15 MP: 1/1
   305 | D:1      | Gained mutation: When hurt, damage is shared between your
                  | health and your magic reserves. [demonic ancestry]
   305 | D:1      | Reached XP level 2. HP: 22/22 MP: 2/2
   926 | D:2      | Found a faded altar of an unknown god.
   938 | D:2      | Became a worshipper of Nemelex Xobeh the Trickster
   938 | D:2      | Received a gift from Nemelex Xobeh
   938 | D:2      | Reached * piety under Nemelex Xobeh
  1106 | D:2      | Found a bloodstained altar of Trog.
  1112 | D:2      | Gained mutation: You are partially covered in slimy green
                  | scales. (AC +2) [demonic ancestry]
  1112 | D:2      | Reached XP level 3. HP: 24/28 MP: 3/3
  1144 | D:2      | Found an iron altar of Okawaru.
  1649 | D:2      | Found a stormy altar of Qazlal.
  1714 | D:2      | Found a shimmering altar of Xom.
  1860 | D:3      | Reached XP level 4. HP: 28/34 MP: 2/4
  2001 | D:3      | Received a gift from Nemelex Xobeh
  2024 | D:3      | Reached ** piety under Nemelex Xobeh
  2115 | D:3      | Noticed a sky beast
  2143 | D:3      | Killed a sky beast
  2143 | D:3      | Reached skill level 5 in Polearms
  2143 | D:3      | Gained mutation: You have a pair of small antennae on your
                  | head. [demonic ancestry]
  2143 | D:3      | Reached XP level 5. HP: 23/40 MP: 3/5
  2857 | D:3      | Reached XP level 6. HP: 37/46 MP: 6/6
  3377 | D:4      | Received a gift from Nemelex Xobeh
  3468 | D:4      | Found Gicuz's Food Shoppe.
  3564 | D:4      | Reached XP level 7. HP: 51/51 MP: 7/7
  3572 | D:4      | Reached *** piety under Nemelex Xobeh
  3572 | D:4      | Received a gift from Nemelex Xobeh
  3673 | D:4      | Got a pitted graven amulet
  3857 | D:5      | Entered Level 5 of the Dungeon
  4087 | D:5      | Found a snail-covered altar of Cheibriados.
  4282 | D:5      | Found a corrupted altar of Lugonu.
  4391 | D:5      | Gained mutation: You regenerate magic rapidly. [demonic
                  | ancestry]
  4391 | D:5      | Reached XP level 8. HP: 53/57 MP: 6/8
  4473 | D:5      | Found a glowing golden altar of the Shining One.
  4656 | D:6      | Identified the amulet of Qeidyel {Acrobat *Corrode Str+9}
                  | (You found it on level 4 of the Dungeon)
  4665 | D:6      | Gained mutation: You are agile. (Dex +2) [potion of
                  | mutation]
  4665 | D:6      | Gained mutation: You have supernaturally acute eyesight.
                  | (SInv) [potion of mutation]
  4665 | D:6      | Gained mutation: You have sharp toenails. [potion of
                  | mutation]
  4699 | D:6      | Found a hide-covered altar of Uskayaw.
  4699 | D:6      | Noticed a +0 hand axe
  4699 | D:6      | Noticed a +0 dagger
  4721 | D:6      | Reached skill level 10 in Polearms
  4749 | D:6      | Found a burning altar of Makhleb.
  4758 | D:6      | Received a gift from Nemelex Xobeh
  4773 | D:6      | Noticed a hippogriff
  4781 | D:6      | Killed a hippogriff
  4850 | D:6      | Found a staircase to the Ecumenical Temple.
  4907 | D:6      | Reached **** piety under Nemelex Xobeh
  4968 | D:6      | Found an ornate altar of the Wu Jian Council.
  5139 | D:6      | Received a gift from Nemelex Xobeh
  5303 | D:7      | Reached skill level 1 in Invocations
  5317 | D:7      | Found a radiant altar of Vehumet.
  5355 | D:7      | Gained mutation: You are mostly covered in slimy green
                  | scales. (AC +3) [demonic ancestry]
  5355 | D:7      | Reached XP level 9. HP: 62/62 MP: 8/10
  5382 | D:7      | Found a deep blue altar of Sif Muna.
  5383 | D:7      | Found an iron altar of Okawaru.
  5586 | D:7      | Found a sparkling altar of Nemelex Xobeh.
  5628 | D:7      | Reached skill level 5 in Invocations
  5788 | D:7      | Found Mosezy's Antique Weapon Emporium.
  5788 | D:7      | Found Unwomeb's Antique Armour Emporium.
  5788 | D:7      | Found Xehocvuu's Distillery.
  5788 | D:7      | Found Voynoa's Magic Scroll Emporium.
  5802 | D:7      | Bought 2 potions of mutation for 224 gold pieces
  5805 | D:7      | Lost mutation: You are agile. (Dex +2) [potion of mutation]
  5805 | D:7      | Lost mutation: You have supernaturally acute eyesight.
                  | (SInv) [potion of mutation]
  5805 | D:7      | Lost mutation: You have sharp toenails. [potion of
                  | mutation]
  5805 | D:7      | Gained mutation: You expend magic power (3 MP) to
                  | strengthen your wands. [potion of mutation]
  5805 | D:7      | Gained mutation: Your flesh is cold resistant. (rC+)
                  | [potion of mutation]
  5805 | D:7      | Gained mutation: You tend to lose your temper in combat.
                  | [potion of mutation]
  5805 | D:7      | Gained mutation: You are resistant to electric shocks.
                  | (rElec) [potion of mutation]
  5806 | D:7      | Lost mutation: You expend magic power (3 MP) to strengthen
                  | your wands. [potion of mutation]
  5806 | D:7      | Lost mutation: You are resistant to electric shocks.
                  | (rElec) [potion of mutation]
  5806 | D:7      | Lost mutation: You tend to lose your temper in combat.
                  | [potion of mutation]
  5806 | D:7      | Lost mutation: Your flesh is cold resistant. (rC+) [potion
                  | of mutation]
  5806 | D:7      | Gained mutation: Your flesh is cold resistant. (rC+)
                  | [potion of mutation]
  5806 | D:7      | Gained mutation: You are completely covered in slimy green
                  | scales. (AC +4, rPois) [potion of mutation]
  5806 | D:7      | Gained mutation: You are somewhat resistant to further
                  | mutation. [potion of mutation]
  5806 | D:7      | Gained mutation: Your flesh is heat resistant. (rF+)
                  | [potion of mutation]
  5829 | D:7      | Noticed Joseph
  5845 | D:7      | Killed Joseph
  5989 | D:8      | Noticed a troll
  5991 | D:8      | Found a white marble altar of Elyvilon.
  5993 | D:8      | Killed a troll
  6003 | D:8      | Reached skill level 10 in Invocations
  6013 | D:8      | Found a staircase to the Orcish Mines.
  6032 | D:8      | Gained mutation: You are slightly more attuned to the
                  | shadows. [demonic ancestry]
  6032 | D:8      | Reached XP level 10. HP: 26/69 MP: 9/18
  6044 | D:8      | Slain by a yak

Skill      XL: |  1  2  3  4  5  6  7  8  9 |
---------------+----------------------------+-----
Fighting       | 2 |  2.8
Polearms       | 3 5 6 7 9 11 | 11.1
Invocations    | 2 11 | 11.4
Maces & Flails | |  0.8
Dodging        | |  2.6
Stealth        | |  3.0

Action                   |  1- 3 |  4- 6 |  7- 9 | 10-12 || total
-------------------------+-------+-------+-------+-------++-------
Melee: Whip              |   131 |     5 |       |       ||   136
       Glaive            |       |    16 |   198 |    11 ||   225
 Fire: Blowgun           |       |   154 |       |       ||   154
Throw: Javelin           |    18 |    17 |       |       ||    35
 Abil: Draw Escape       |     1 |       |       |       ||     1
       Draw Summoning    |     1 |       |     1 |       ||     2
       Draw Destruction  |     1 |       |       |       ||     1
  Use: Scroll            |     5 |     2 |     9 |       ||    16
       Potion            |     1 |       |     3 |       ||     4
 Stab: Sleeping          |     2 |     1 |     4 |       ||     7
       Distracted        |       |       |     1 |       ||     1
  Eat: Chunk             |     3 |     5 |    11 |       ||    19
Armor: Robe              |    62 |    48 |    95 |       ||   205
Dodge: Dodged            |   113 |    70 |   136 |     6 ||   325
